 Dungeon Crawl Stone Soup version 0.30-a0-263-ge22c4ad894 (webtiles) character file.

Game seed: 12600270185943471212

405704 themarg the Slayer (level 22, -21/220 HPs)
             Began as a Minotaur Monk on Oct 14, 2022.
             Was an Elder of Okawaru.
             Killed from afar by a living spell (37 damage)
             ... with an iceblast
             ... summoned by a walking frostbound tome
             ... on level 4 of the Depths.
             The game lasted 04:21:02 (45277 turns).

themarg the Slayer (Minotaur Monk)                 Turns: 45277, Time: 04:21:02

Health: -21/220    AC: 30    Str: 24    XL:     22   Next: 5%
Magic:  30/30      EV: 17    Int:  7    God:    Okawaru [****..]
Gold:   4795       SH: 21    Dex: 19    Spells: 21/21 levels left

rFire   + + +      SeeInvis .    B - +9 broad axe (vamp)
rCold   . . .      Faith    .    S - +2 tower shield {reflect}
rNeg    + . .      Spirit   .    d - +4 plate armour
rPois   .          Reflect  +    F - +0 hat {Will+}
rElec   +          Harm     .    X - +1 cloak
rCorr   .          Rampage  .    k - +1 pair of gloves
Will    +++..      Clarity  +    r - +2 pair of boots of Resilience {rElec}
Stlth   ..........               R - amulet of regeneration
HPRegen 2.16/turn                O - +4 ring of evasion {=R}
MPRegen 0.22/turn                C - ring of the Fresh Rambutan {rF+++ rN+ Will+ Dex+3 Stlth-}

@: no status effects
A: horns 2, retaliatory headbutt, clarity, regeneration 1
}: 3/15 runes: decaying, serpentine, abyssal
a: Renounce Religion, Heroism, Finesse


You were on level 4 of the Depths.
You worshipped Okawaru.
Okawaru was greatly pleased with you.
You visited 8 branches of the dungeon, and saw 38 of its levels.
You visited the Abyss 1 time.
You also visited: Gauntlet and Ice Cave.

You collected 6882 gold pieces.
You spent 2087 gold pieces at shops.

Inventory:

Hand Weapons
 B - a +9 vampiric broad axe (weapon)
Missiles
 e - 2 throwing nets
 f - 2 silver boomerangs
 h - 23 boomerangs
 i - 29 atropa-tipped darts
 E - 14 javelins
 G - 8 silver javelins
 I - 12 curare-tipped darts
Armour
 d - a +4 plate armour (worn)
 k - a +1 pair of gloves (worn)
 r - the +2 pair of boots of Resilience (worn) {rElec}
   (Okawaru gifted it to you on level 4 of the Snake Pit)

   rElec:     It insulates you from electricity.
 s - a +0 buckler of resistance
 F - a +0 hat of willpower (worn)
 S - a +2 tower shield of reflection (worn)
 X - a +1 cloak (worn)
Jewellery
 n - a ring of see invisible
 y - a ring of poison resistance
 C - the ring of the Fresh Rambutan (right hand) {rF+++ rN+ Will+ Dex+3 Stlth-}
   (You found it in a Gauntlet)

   [ring of positive energy]

   Dex:       It affects your dexterity (+3).
   rF:        It renders you almost immune to fire.
   rN:        It protects you from negative energy.
   Will:      It increases your willpower.
   Stlth:     It makes you less stealthy.
 O - a +4 ring of evasion (left hand) {=R}
 R - an amulet of regeneration (around neck)
 Z - a ring of resist corrosion
Wands
 l - a wand of quicksilver (43)
 q - a wand of digging (10)
 v - a wand of roots (7)
 x - a wand of mindburst (36)
 M - a wand of paralysis (21)
Scrolls
 m - 2 scrolls of silence
 o - 6 scrolls of poison
 p - 6 scrolls of fear (quivered)
 t - 18 scrolls of teleportation
 u - 3 scrolls of brand weapon
 D - 8 scrolls of blinking
 H - 2 scrolls of magic mapping
 T - 5 scrolls of enchant armour
Potions
 a - 5 potions of haste
 c - 6 potions of mutation
 g - 8 potions of flight
 j - 11 potions of heal wounds
 w - 3 potions of magic
 z - 3 potions of resistance
 A - 18 potions of ambrosia
 N - 12 potions of curing
 P - 4 potions of cancellation
 V - 4 potions of berserk rage
 W - 7 potions of invisibility
 Y - 12 potions of might
Miscellaneous
 b - a condenser vane
 J - a lightning rod (4/4)
 L - a phial of floods
 Q - a tin of tremorstones (2/2)


   Skills:
 + Level 23.4 Fighting
 - Level 18.0 Axes
 - Level 14.0 Throwing
 - Level 15.6 Armour
 - Level 15.0 Dodging
 - Level 3.0 Stealth
 - Level 13.0 Shields
 - Level 12.0 Invocations
 - Level 15.0 Evocations


You had 21 spell levels left.
You didn't know any spells.
Your spell library contained the following spells:

 Spells                   Type           Power      Damage    Failure   Level
 Beastly Appendage        Tmut           0%         N/A       100%        1
 Kiss of Death            Conj/Necr      0%         2d5       100%        1
 Necrotise                Necr           0%         1d4       100%        1
 Sandblast                Erth           0%         2d4       100%        1
 Slow                     Hex            0%         N/A       100%        1
 Cigotuvi's Dreadful Rot  Necr/Pois/Air  0%         N/A       100%        2
 Ensorcelled Hibernation  Hex/Ice        0%         N/A       100%        2
 Passwall                 Tmut/Erth      0%         N/A       100%        2
 Poisonous Vapours        Pois/Air       0%         N/A       100%        2
 Scorch                   Fire           0%         2d5       100%        2
 Static Discharge         Conj/Air       0%         2-2/arc   100%        2
 Sublimation of Blood     Necr           0%         N/A       100%        2
 Wereblood                Tmut           0%         N/A       100%        2
 Confusing Touch          Hex            0%         N/A       100%        3
 Hailstorm                Conj/Ice       0%         3d3       100%        3
 Inner Flame              Hex/Fire       0%         N/A       100%        3
 Kindle Blastsparks       Fire/Tloc/Air  0%         2d10      100%        3
 Portal Projectile        Hex/Tloc       0%         N/A       100%        3
 Spider Form              Tmut/Pois      0%         N/A       100%        3
 Stone Arrow              Conj/Erth      0%         3d7       100%        3
 Vampiric Draining        Necr           0%         2d6       100%        3
 Vhi's Electric Charge    Tloc/Air       0%         N/A       100%        3
 Anguish                  Hex/Necr       0%         N/A       100%        4
 Cause Fear               Hex            0%         N/A       100%        4
 Dispel Undead            Necr           0%         3d6       100%        4
 Flame Wave               Conj/Fire      0%         2d4       100%        4
 Fulminant Prism          Conj/Hex       0%         3d6       100%        4
 Ice Form                 Ice/Tmut       0%         N/A       100%        4
 Iskenderun's Mystic Bla  Conj/Tloc      0%         2d3       100%        4
 Leda's Liquefaction      Hex/Erth       0%         N/A       100%        4
 Petrify                  Tmut/Erth      0%         N/A       100%        4
 Agony                    Necr           0%         N/A       100%        5
 Arcjolt                  Conj/Air       0%         1d10      100%        5
 Blade Hands              Tmut           0%         N/A       100%        5
 Borgnjor's Vile Clutch   Necr/Erth      0%         N/A       100%        5
 Irradiate                Conj/Tmut      0%         3d11      100%        5
 Iskenderun's Battlesphe  Conj           0%         2d6       100%        5
 Lee's Rapid Deconstruct  Erth           0%         3d5*      100%        5
 Lightning Bolt           Conj/Air       0%         1d11      100%        5
 Yara's Violent Unravell  Hex/Tmut       0%         3d3       100%        5
 Dispersal                Tloc           0%         N/A       100%        6
 Iron Shot                Conj/Erth      0%         9d1       100%        6
 Dragon Form              Tmut           0%         N/A       100%        7
 Discord                  Hex            0%         N/A       100%        8
 Death's Door             Necr           0%         N/A       100%        9
 Call Canine Familiar     Summ           Unusable   N/A       N/A         3
 Summon Guardian Golem    Hex/Summ       Unusable   N/A       N/A         3
 Summon Mana Viper        Hex/Summ       Unusable   N/A       N/A         5
 Death Channel            Necr           Unusable   N/A       N/A         6
 Simulacrum               Ice/Necr       Unusable   N/A       N/A         6
 Summon Cactus Giant      Summ           Unusable   N/A       N/A         6
 Spellforged Servitor     Conj/Summ      Unusable   N/A       N/A         7

Dungeon Overview and Level Annotations

Branches:
Dungeon (15/15)            Temple (1/1) D:6            Lair (5/5) D:11
  Swamp (4/4) Lair:2        Snake (4/4) Lair:2        Slime (0/5) Lair:4
    Orc (2/2) D:10            Elf (3/3) Orc:2        Vaults (0/5) D:14
 Depths (4/4) D:15          IceCv (visited)         Gauntlet (visited)
    Zot: Depths:4

Altars:
Ashenzari
Cheibriados
Dithmenos
Elyvilon
Fedhas
Gozag
Hepliaklqana
Kikubaaqudgha
Makhleb
Nemelex Xobeh
Okawaru
Qazlal
Ru
Sif Muna
Trog
Uskayaw
Vehumet
Wu Jian
Xom
Yredelemnul
Zin
The Shining One
Lugonu

Shops:
D:6 (   D:10 (   D:12 ([(*?   Orc:2 !!:[   Elf:3 *   Depths:2 !

Portals:
Hell: Depths:1 Depths:2 Depths:3
Abyss: Depths:1 Depths:3
Pandemonium: Orc:2 Depths:2
Ziggurat: Depths:2
Trove: D:12 (give 17 potions of curing)

Annotations:
D:10 exclusions: 3 centaurs and 5 more exclusions
Elf:2 5 runed translucent doors, exclusion: 5 doors


Innate Abilities, Weirdness & Mutations

You have a pair of horns on your head.
You reflexively headbutt those who attack you in melee.
You possess an exceptional clarity of mind.
Your natural rate of healing is unusually fast.


Message History

The walking frostbound tome erupts in a flurry of living spells!
The stone giant hits you!!
A spriggan air mage comes into view.
You slice the stone giant!!
You feel better.
The stone giant is moderately wounded.
You slash the living spell!
You destroy the living spell!
The walking frostbound tome erupts in a flurry of living spells!
The stone giant hits you but does no damage.
A spriggan defender comes into view.
It is wielding a +2 flail of protection and wearing a +0 buckler of protection.
You hit the stone giant but do no damage.
The stone giant is moderately wounded.
You block the stone giant's attack.
A spriggan rider comes into view. It is wielding a +0 spear.
You block the vampire knight's attack. x2
You hit the walking frostbound tome.
Your headbutt misses the walking frostbound tome.
The walking frostbound tome is lightly damaged.
You slice the stone giant!!
You feel better.
You slice the living spell!!
You destroy the living spell!
You slash the vampire knight! The vampire knight barely misses you.
The vampire knight closely misses you. The walking frostbound tome hits you.
The walking frostbound tome freezes you!!!
You block the stone giant's attack.
You block the spriggan defender's attack.
Okay, then.
Press: ? - help, v - describe, . - travel
Here: a living spell (summoned)
The floor, spattered with blood.
Blink to where?
Press: ? - help, Dir - move target
As you read the scroll of blinking, it crumbles to dust.
The living spell casts itself at you.
The mass of ice explodes!
The iceblast engulfs you!! The living spell casts itself at you.
The mass of ice explodes!
The iceblast engulfs you!!!
* * * LOW HITPOINT WARNING * * *
The living spell casts itself at you.
The mass of ice explodes!
The iceblast engulfs you!!!
You die...

#+##############+#
..................
........CV.*..u...
..$......i;i.....u
..........u..i....
.....^.....*..i...
.......@..........
...*.......<......
..................
..................
...u.............
.........$...####
.............+
.............#
=...........#


You could see a walking frostbound tome, a white very ugly thing, a stone giant,
a vampire knight (fast), 2 spriggan defenders, 2 ugly things, a spriggan rider,
a spriggan air mage (repels missiles) and 3 living spells.

Vanquished Creatures
  An ancient lich (Depths:1)
  A juggernaut (Depths:2)
  Vashnia (Snake:4)
  A caustic shrike (Depths:2)
  Nikola (Snake:4)
  A golden dragon (Depths:2)
  A bone dragon (Depths:2)
  5 tentacled monstrosities
  A deep elf blademaster (Arena)
  A lich (Depths:1)
  A deep elf master archer (Elf:3)
  A kraken (Abyss:4)
  2 storm dragons (Depths:2)
  Gastronok (D:8)
  2 shadow dragons
  3 thorn hunters
  3 sphinxes
  4 tengu reavers
  3 nagarajas (Snake:4)
  6 fire giants
  2 fenstrider witches (Swamp:4)
  7 deep elf sorcerers (Elf:3)
  4 frost giants
  3 deep elf elementalists (Elf:3)
  Louise (Swamp:2)
  12 very ugly things
  4 stone giants
  An angel (Abyss:3)
  A ghoul (Lair:2)
  4 deep elf demonologists (Elf:3)
  6 vampire knights
  6 eleionomae
  9 deep elf annihilators (Elf:3)
  6 dire elephants (Lair:5)
  The ghost of SirDiesAlot the Fighter, a journeyman OgFE of Okawaru (D:11)
  3 bunyips
  Azrael (Snake:2)
  2 spark wasps (Depths:2)
  A minotaur (Gauntlet)
  4 ettins
  A white draconian (IceCv)
  4 shambling mangroves
  8 deep elf death magi
  2 deep elf high priests
  8 fire dragons
  3 yaktaur captains (D:11)
  Josephine (D:12)
  6 rakshasas
  6 ice dragons
  3 demonspawn (Orc:2)
  2 hell beasts (Depths:2)
  An ironbound frostheart (IceCv)
  8 vault guards (D:14)
  4 ghost crabs
  2 spriggan air magi
  3 salamander tyrants
  30 hydras
  A spriggan skeleton (Abyss:3)
  17 anacondas
  10 alligators
  3 centaur warriors
  14 dancing weapons
  12 naga warriors
  A deep troll shaman (Depths:2)
  6 boulder beetles
  A two-headed ogre (D:12)
  10 death yaks
  3 tengu warriors
  7 deep troll earth magi
  Sonja (Lair:4)
  10 naga sharpshooters
  3 spriggan berserkers
  10 spriggans
  8 shock serpents
  7 deep elf knights
  9 orc high priests
  2 soul eaters
  2 fire crabs
  3 spectral death yaks (Lair:5)
  10 hell knights
  9 skeletal warriors
  A bunyip zombie (Abyss:3)
  A golden dragon zombie (Depths:1)
  7 iron trolls
  Lodul (D:11)
  3 shadow wraiths (Depths:1)
  4 goliath frogs
  5 salamander mystics
  3 flayed ghosts (Depths:1)
  A glowing orange brain (Depths:1)
  2 sea snakes (Snake:1)
  7 bog bodies
  A spectral anaconda (Lair:5)
  8 swamp dragons
  2 naga ritualists
  10 deep trolls
  4 spriggan druids
  15 deep elf archers
  An orange crystal statue (IceCv)
  An obsidian statue (Lair:5)
  4 mana vipers
  2 phantasmal warriors (Depths:3)
  3 wizards (Depths:1)
  8 necromancers
  9 orc sorcerers
  23 deep elf pyromancers
  A sphinx zombie (Depths:1)
  26 ugly things
  8 orc knights
  20 deep elf zephyrmancers
  3 large abominations
  15 salamanders
  A cyclops (shapeshifter) (Depths:3)
  A frost giant zombie (Depths:1)
  6 cyclopes
  A manticore (D:11)
  16 elephants
  A rust devil (Gauntlet)
  27 black mambas
  A frost giant skeleton (Depths:1)
  An apocalypse crab (Abyss:4)
  2 smoke demons (Abyss:3)
  An orange demon (Orc:2)
  6 guardian serpents
  4 gargoyles
  Maggie (D:8)
  3 torpor snails
  15 naga magi
  2 unseen horrors
  9 cane toads
  19 rime drakes
  Psyche (D:8)
  3 kobold demonologists
  2 yaktaurs (shapeshifter)
  An efreet (Abyss:3)
  2 freezing wraiths
  7 komodo dragons
  10 yaktaurs (D:15)
  A dire elephant skeleton (Lair:5)
  An ice devil (Orc:2)
  4 tengu conjurers
  An ancient zyme (Abyss:4)
  A red devil (Orc:2)
  2 trolls (shapeshifter)
  A queen bee (D:12)
  5 trolls
  A harpy skeleton (Abyss:3)
  22 polar bears
  A slime creature (shapeshifter) (Depths:2)
  9 meliai
  Grinder (D:4)
  A raiju (Gauntlet)
  16 hornets
  18 blink frogs
  16 slime creatures
  11 dream sheep
  4 tyrant leeches
  5 air elementals
  4 ynoxinuls
  Sigmund (D:4)
  8 starcursed masses (Abyss:4)
  12 water elementals
  7 wraiths
  A shadow (D:10)
  9 wyverns
  A yak (shapeshifter) (Elf:2)
  27 yaks
  A vampire (D:11)
  3 fire bats (Gauntlet)
  6 fire elementals (Snake:2)
  4 basilisks
  2 golden eyes (Abyss:3)
  2 chaos spawn
  3 death yak simulacra (Lair:5)
  11 vampire mosquitoes
  31 nagas
  A neqoxec (Orc:2)
  9 swamp worms
  6 wargs
  4 acid dragons
  3 spectral cane toads (Lair:5)
  16 water moccasins
  A small abomination (Abyss:4)
  A glowing shapeshifter skeleton (Depths:1)
  34 orc warriors
  2 black bears
  9 swamp drakes
  14 ogres
  An elephant zombie (Lair:5)
  2 ice beasts
  6 wolves (Lair:1)
  4 boggarts (D:15)
  9 centaurs
  An elephant skeleton (Lair:5)
  2 kobold brigands (D:9)
  A gnoll sergeant (D:10)
  17 bullfrogs
  2 earth elementals
  3 necrophages
  4 scorpions
  4 cane toad simulacra (Lair:5)
  8 wights
  32 killer bees
  An elephant simulacrum (Lair:5)
  6 howler monkeys
  2 electric eels
  34 orc priests
  6 hounds
  2 gnoll boudas (D:7)
  Crazy Yiuf (D:3)
  2 iron imps (Gauntlet)
  2 jellies
  7 iguanas
  Terence (D:3)
  Jessica (D:3)
  Ijyb (D:3)
  13 hell rats
  A lightning spire (Gauntlet)
  29 orc wizards
  Robin (D:3)
  16 gnolls
  6 adders
  3 shadow imps
  A white imp (D:6)
  3 ufetubi
  A worm (D:2)
  The ghost of blackman the Sneak, a weakling HuDe of Okawaru (D:6)
  6 dart slugs
  73 orcs
  9 endoplasms
  2 giant cockroaches
  11 hobgoblins
  6 quokkas
  11 ball pythons
  5 bats
  4 frilled lizards
  12 goblins
  5 kobolds
  7 rats
  4 briar patches (Swamp:3)
  A lurking horror (Abyss:4)
  4 tentacles (Abyss:4)
1462 creatures vanquished.

Vanquished Creatures (others)
  A deep elf knight (Elf:3)
  4 deep elf pyromancers
  A deep elf zephyrmancer (Elf:1)
  2 bloated husks
  2 spriggans (Swamp:1)
  A spectral cane toad (Lair:5)
  A swamp drake (Swamp:4)
  16 fungi
  74 plants
  4 tentacles (Abyss:4)
  37 withered plants
143 creatures vanquished.

Grand Total: 1605 creatures vanquished

Notes
Turn   | Place    | Note
-------+----------+-------------------------------------------
     0 | D:1      | themarg the Minotaur Monk began the quest for the Orb.
     0 | D:1      | Reached XP level 1. HP: 19/19 MP: 0/0
   123 | D:1      | Reached XP level 2. HP: 21/27 MP: 1/1
   274 | D:1      | Reached skill level 4 in Fighting
   552 | D:2      | Reached XP level 3. HP: 34/34 MP: 2/2
   782 | D:2      | Reached skill level 5 in Fighting
   794 | D:2      | Reached XP level 4. HP: 9/42 MP: 3/3
  1636 | D:3      | Noticed Ijyb
  1695 | D:3      | Noticed Terence
  1721 | D:4      | Reached skill level 6 in Fighting
  1844 | D:4      | Noticed Grinder
  1868 | D:4      | Killed Grinder
  1869 | D:4      | Reached skill level 8 in Fighting
  1869 | D:4      | Reached XP level 5. HP: 23/53 MP: 4/4
  1869 | D:4      | Reached XP level 6. HP: 26/61 MP: 5/5
  2203 | D:4      | Noticed Sigmund
  2212 | D:4      | Killed Sigmund
  2213 | D:4      | Reached skill level 9 in Fighting
  2213 | D:4      | Reached XP level 7. HP: 56/70 MP: 6/6
  2377 | D:4      | Found a glowing golden altar of the Shining One.
  3071 | D:5      | Entered Level 5 of the Dungeon
  3292 | D:5      | Reached skill level 10 in Fighting
  3463 | D:5      | Reached skill level 1 in Armour
  3485 | D:5      | Reached skill level 1 in Shields
  4333 | D:6      | Found Rovvex's Hydra Hut.
  4334 | D:6      | Noticed a five-headed hydra
  4644 | D:6      | Reached XP level 8. HP: 72/79 MP: 7/7
  4949 | D:6      | Reached skill level 5 in Axes
  5067 | D:6      | Found a staircase to the Ecumenical Temple.
  5076 | Temple   | Entered the Ecumenical Temple
  5113 | Temple   | Became a worshipper of Warmaster Okawaru
  5113 | Temple   | Reached * piety under Okawaru
  5113 | Temple   | Reached ** piety under Okawaru
  5146 | D:6      | Noticed blackman's ghost (weakling HuDe)
  5278 | D:6      | Found a transporter.
  5283 | D:6      | Found a transporter.
  5283 | D:6      | Noticed a hornet
  5516 | D:6      | Bought a +1 battleaxe of flaming for 224 gold pieces
  5842 | D:7      | Reached skill level 11 in Fighting
  5869 | D:7      | Reached XP level 9. HP: 89/89 MP: 8/8
  5922 | D:7      | Reached *** piety under Okawaru
  5923 | D:7      | Reached skill level 5 in Armour
  5924 | D:7      | Reached skill level 5 in Shields
  6275 | D:7      | Found a sacrificial altar of Ru.
  6871 | D:8      | Reached skill level 12 in Fighting
  6963 | D:8      | Noticed Psyche
  6969 | D:8      | Killed Psyche
  6969 | D:8      | Reached **** piety under Okawaru
  6985 | D:8      | Noticed Maggie
  7015 | D:8      | Killed Maggie
  7016 | D:8      | Reached skill level 1 in Invocations
  7494 | D:8      | Noticed Gastronok
  7504 | D:8      | Killed Gastronok
  7504 | D:8      | Reached ***** piety under Okawaru
  7505 | D:8      | Reached skill level 10 in Axes
  7505 | D:8      | Reached XP level 10. HP: 97/100 MP: 9/11
  7814 | D:9      | Reached skill level 13 in Fighting
  8374 | D:10     | Entered Level 10 of the Dungeon
  8458 | D:10     | Found Erexux's Weapon Shop.
  8595 | D:10     | Reached skill level 5 in Invocations
  8640 | D:10     | Found a staircase to the Orcish Mines.
  8670 | D:10     | Identified a scroll of acquirement
  8671 | D:10     | Acquired the +1 pair of boots of Wat Exte {rF+ rC+ Int+4}
  8687 | D:10     | Found a shimmering blue altar of Sif Muna.
  8763 | D:10     | Noticed a gargoyle
  8789 | D:10     | Killed a gargoyle
  8938 | D:10     | Received a gift from Okawaru
  9376 | D:10     | Reached XP level 11. HP: 57/108 MP: 6/13
  9494 | D:10     | Gained mutation: You occasionally lose the ability to read
                  | scrolls when taking damage. [a neqoxec]
  9932 | D:10     | Lost mutation: You occasionally lose the ability to read
                  | scrolls when taking damage. [potion of mutation]
  9932 | D:10     | Gained mutation: You are frail. (-10% HP) [potion of
                  | mutation]
  9932 | D:10     | Gained mutation: Your magical capacity is low. (-10% MP)
                  | [potion of mutation]
  9933 | D:10     | Lost mutation: Your magical capacity is low. (-10% MP)
                  | [potion of mutation]
  9933 | D:10     | Lost mutation: You are frail. (-10% HP) [potion of
                  | mutation]
  9933 | D:10     | Gained mutation: You passively map a small area around you.
                  | [potion of mutation]
  9933 | D:10     | Gained mutation: You are frail. (-10% HP) [potion of
                  | mutation]
  9933 | D:10     | Gained mutation: You are resistant to electric shocks.
                  | (rElec) [potion of mutation]
 10002 | D:11     | Noticed a five-headed hydra
 10007 | D:11     | Killed a three-headed hydra
 10008 | D:11     | Reached skill level 14 in Fighting
 10008 | D:11     | Reached skill level 1 in Evocations
 10146 | D:11     | Found a staircase to the Lair.
 10269 | D:11     | Found a runed translucent door.
 10269 | D:11     | Noticed SirDiesAlot's ghost (journeyman OgFE)
 10441 | D:11     | Noticed a frost giant
 10495 | Lair:1   | Entered Level 1 of the Lair of Beasts
 10656 | Lair:1   | Identified the +4 ring mail of Estreuj {Rampage rF+ Stlth-}
                  | (Okawaru gifted it to you on level 1 of the Lair of Beasts)
 10656 | Lair:1   | Received a gift from Okawaru
 10657 | Lair:1   | Reached skill level 15 in Fighting
 10657 | Lair:1   | Reached ****** piety under Okawaru
 10658 | Lair:1   | Reached skill level 5 in Dodging
 11132 | Lair:1   | You fall into a shaft and drop 1 floor!
 11259 | Lair:2   | Reached skill level 5 in Evocations
 11282 | Lair:2   | Noticed a death yak
 11282 | Lair:2   | Noticed a death yak
 11282 | Lair:2   | Noticed a death yak
 11308 | Lair:2   | Killed a death yak
 11309 | Lair:2   | Reached XP level 12. HP: 94/107 MP: 6/14
 11310 | Lair:2   | Noticed a death yak
 11310 | Lair:2   | Noticed a death yak
 11315 | Lair:2   | Killed a death yak
 11326 | Lair:2   | Killed a death yak
 11330 | Lair:2   | Killed a death yak
 11336 | Lair:2   | Killed a death yak
 11337 | Lair:2   | Reached skill level 10 in Armour
 11756 | Lair:2   | Found a staircase to the Swamp.
 11829 | Lair:2   | Noticed a death yak
 11854 | Lair:2   | Killed a death yak
 11854 | Lair:2   | Identified the +5 ring mail of Ruqa {rPois Str+2} (Okawaru
                  | gifted it to you on level 2 of the Lair of Beasts)
 11854 | Lair:2   | Received a gift from Okawaru
 11924 | Lair:2   | Noticed an eight-headed hydra
 11931 | Lair:2   | Killed a five-headed hydra
 11955 | Lair:2   | Noticed a five-headed hydra
 11977 | Lair:2   | Killed a one-headed hydra
 12223 | Lair:2   | Found a staircase to the Snake Pit.
 13480 | Lair:3   | Reached XP level 13. HP: 96/111 MP: 16/16
 13752 | Lair:3   | Identified the +5 broad axe of the Hand {protect, Int+5}
                  | (Okawaru gifted it to you on level 3 of the Lair of Beasts)
 13752 | Lair:3   | Received a gift from Okawaru
 14265 | Lair:4   | Found a staircase to the Slime Pits.
 14382 | Lair:4   | Noticed Sonja
 14396 | Lair:4   | Killed Sonja
 15004 | Lair:5   | Entered Level 5 of the Lair of Beasts
 15092 | Lair:5   | Received a gift from Okawaru
 15093 | Lair:5   | Reached skill level 1 in Throwing
 15501 | Lair:5   | Reached XP level 14. HP: 121/121 MP: 19/19
 15502 | Lair:5   | Reached XP level 15. HP: 126/126 MP: 19/21
 15617 | Lair:5   | Reached skill level 15 in Axes
 16092 | Lair:5   | Reached skill level 5 in Throwing
 16134 | Lair:5   | Received a gift from Okawaru
 16150 | Lair:5   | Reached skill level 10 in Invocations
 16265 | Lair:5   | Received a gift from Okawaru
 16346 | Lair:5   | Reached XP level 16. HP: 128/134 MP: 22/22
 17268 | Orc:1    | Entered Level 1 of the Orcish Mines
 17268 | Orc:1    | You fall into a shaft and drop 1 floor!
 17268 | Orc:2    | Entered Level 2 of the Orcish Mines
 17802 | Orc:2    | Found a staircase to the Elven Halls.
 17996 | D:11     | Identified the +9 chain mail "Cudati" {rC+ Will+ Stlth+}
                  | (Okawaru gifted it to you on level 11 of the Dungeon)
 17996 | D:11     | Received a gift from Okawaru
 18715 | Orc:2    | Found Luisep's Distillery.
 18723 | Orc:2    | Found Yxtace's Distillery.
 19311 | Orc:2    | Gained mutation: You are clumsy. (Dex -2) [a neqoxec]
 19349 | Orc:2    | Found Wainuepna's Antique Armour Shop.
 19349 | Orc:2    | Found a one-way gate leading to the halls of Pandemonium.
 19349 | Orc:2    | Found Qaucoiva's Book Boutique.
 19359 | Orc:2    | Bought a runed kite shield for 157 gold pieces
 19751 | Orc:2    | Bought a potion of might for 56 gold pieces
 19751 | Orc:2    | Bought a potion of haste for 140 gold pieces
 19751 | Orc:2    | Bought a potion of curing for 42 gold pieces
 19751 | Orc:2    | Bought a potion of resistance for 140 gold pieces
 19751 | Orc:2    | Bought a potion of flight for 42 gold pieces
 19751 | Orc:2    | Bought a potion of curing for 42 gold pieces
 19753 | Orc:2    | Bought a potion of berserk rage for 65 gold pieces
 19753 | Orc:2    | Bought a potion of heal wounds for 65 gold pieces
 19753 | Orc:2    | Bought a potion of berserk rage for 65 gold pieces
 19753 | Orc:2    | Bought 2 potions of heal wounds for 130 gold pieces
 19753 | Orc:2    | Bought a potion of cancellation for 104 gold pieces
 19753 | Orc:2    | Bought a potion of magic for 104 gold pieces
 20397 | D:6      | Killed blackman's ghost
 20551 | D:3      | Killed Terence
 20579 | D:3      | Noticed Robin
 20584 | D:3      | Killed Robin
 20591 | D:3      | Noticed Jessica
 20601 | D:3      | Killed Jessica
 21001 | D:3      | Found a runed translucent door.
 21002 | D:3      | Noticed Crazy Yiuf
 21007 | D:3      | Killed Crazy Yiuf
 21058 | D:3      | Killed Ijyb
 21610 | D:11     | Noticed Lodul
 21626 | D:11     | Killed Lodul
 21626 | D:11     | Received a gift from Okawaru
 21631 | D:11     | Reached skill level 10 in Evocations
 22345 | D:11     | Killed SirDiesAlot's ghost
 22609 | D:12     | Found Echochits's Magic Scroll Shop.
 22614 | D:12     | Bought a scroll of identify for 24 gold pieces
 22614 | D:12     | Bought a scroll of enchant weapon for 90 gold pieces
 22614 | D:12     | Bought a scroll of blinking for 90 gold pieces
 22622 | D:12     | Bought a scroll of identify for 24 gold pieces
 22622 | D:12     | Bought a scroll of identify for 24 gold pieces
 22698 | D:12     | Found Ecudgh Rudye's Weapon Shoppe.
 22727 | D:12     | Noticed Josephine
 22740 | D:12     | Received a gift from Okawaru
 22746 | D:12     | Killed Josephine
 22755 | D:12     | Reached skill level 10 in Throwing
 22887 | D:12     | Found Ylidyrr's Assorted Antiques.
 23103 | D:12     | Found Soleosk's Armour Shop.
 23112 | D:12     | Found a shimmering blue altar of Sif Muna.
 23351 | D:12     | Found Ciom Nas's Weapon Shoppe.
 23433 | D:12     | Found a portal to a secret trove of treasure.
 23875 | D:13     | Reached skill level 10 in Dodging
 23891 | D:13     | Found a gate leading to a gauntlet.
 23900 | Gauntlet | Entered a Gauntlet
 23900 | Gauntlet | Found a transporter.
 23900 | Gauntlet | Found a runed translucent door.
 24002 | Gauntlet | Found a runed translucent door.
 24006 | Gauntlet | Found a transporter.
 24010 | Gauntlet | Found a transporter.
 24018 | Gauntlet | Found a transporter.
 24022 | Gauntlet | Found a transporter.
 24033 | Gauntlet | Found a transporter.
 24034 | Gauntlet | Found a transporter.
 24042 | Gauntlet | Found a transporter.
 24046 | Gauntlet | Found a transporter.
 24055 | Gauntlet | Found a transporter.
 24075 | Gauntlet | Found a transporter.
 24087 | Gauntlet | Found a transporter.
 24099 | Gauntlet | Found a transporter.
 24111 | Gauntlet | Found a transporter.
 24295 | Gauntlet | Reached XP level 17. HP: 140/140 MP: 19/23
 24380 | Gauntlet | Identified the ring of the Fresh Rambutan {rF+++ rN+ Will+
                  | Dex+3 Stlth-}
 24498 | Gauntlet | Received a gift from Okawaru
 24523 | Gauntlet | Found the +4 robe of Folly {Brilliance Will-∞ Int+8}
 24530 | Gauntlet | Got the Volume of the Wayfarer
 24549 | Gauntlet | Got the Commentary on Bewitchment and Shapes
 25869 | D:14     | Found a gate to the Vaults.
 25927 | D:14     | Received a gift from Okawaru
 26087 | D:14     | Received a gift from Okawaru
 26688 | D:15     | Entered Level 15 of the Dungeon
 26746 | D:15     | Found a frozen archway.
 26794 | IceCv    | Entered an ice cave
 27064 | IceCv    | Received a gift from Okawaru
 27493 | IceCv    | Received a gift from Okawaru
 28086 | D:15     | Found a staircase to the Depths.
 28210 | D:15     | Received a gift from Okawaru
 28817 | D:15     | Found a glowing silver altar of Zin.
 29135 | Snake:1  | Entered Level 1 of the Snake Pit
 29340 | Snake:1  | Received a gift from Okawaru
 29359 | Arena    | Entered the Arena
 29418 | Snake:1  | Received a gift from Okawaru
 29419 | Snake:1  | Reached XP level 18. HP: 146/146 MP: 0/24
 29585 | Snake:1  | You fall into a shaft and drop 1 floor!
 29822 | Snake:1  | Received a gift from Okawaru
 30346 | Snake:2  | Reached skill level 10 in Shields
 30428 | Snake:2  | Identified the +3 scale mail "Waniepred" {Will+}
 30570 | Snake:2  | Noticed Azrael
 30585 | Snake:2  | Killed Azrael
 31665 | Snake:3  | Received a gift from Okawaru
 32430 | Swamp:1  | Entered Level 1 of the Swamp
 32463 | Lair:2   | Received a gift from Okawaru
 32688 | Snake:4  | Entered Level 4 of the Snake Pit
 32898 | Snake:4  | Noticed Nikola
 32915 | Snake:4  | Killed Nikola
 32932 | Snake:4  | Identified the +2 pair of boots of Resilience {rElec}
                  | (Okawaru gifted it to you on level 4 of the Snake Pit)
 32932 | Snake:4  | Received a gift from Okawaru
 33738 | Snake:4  | Noticed Vashnia
 33752 | Snake:4  | Killed Vashnia
 33785 | Snake:4  | Got a serpentine rune of Zot
 34111 | Elf:1    | Entered Level 1 of the Elven Halls
 34425 | Elf:1    | Received a gift from Okawaru
 34686 | Elf:1    | Reached XP level 19. HP: 153/153 MP: 25/25
 35342 | Abyss:3  | Cast into level 3 of the Abyss (+2 battleaxe of distortion)
 35597 | Abyss:4  | Reached skill level 15 in Evocations
 35629 | Abyss:4  | Got an abyssal rune of Zot
 35660 | Abyss:4  | Received a gift from Okawaru
 35683 | Elf:1    | Escaped the Abyss
 35727 | Elf:1    | Paralysed by an air elemental for 1 turns
 35731 | Elf:1    | Lost mutation: You are resistant to electric shocks.
                  | (rElec) [potion of mutation]
 35731 | Elf:1    | Lost mutation: You are frail. (-10% HP) [potion of
                  | mutation]
 35731 | Elf:1    | Gained mutation: You possess an exceptional clarity of
                  | mind. [potion of mutation]
 35731 | Elf:1    | Gained mutation: You are occasionally teleported next to
                  | monsters. [potion of mutation]
 35731 | Elf:1    | Lost mutation: You are clumsy. (Dex -2) [potion of
                  | mutation]
 35732 | Elf:1    | Lost mutation: You are occasionally teleported next to
                  | monsters. [potion of mutation]
 35732 | Elf:1    | Lost mutation: You passively map a small area around you.
                  | [potion of mutation]
 35732 | Elf:1    | Gained mutation: Your natural rate of healing is unusually
                  | fast. [potion of mutation]
 35860 | Elf:2    | Paralysed by an air elemental for 1 turns
 35878 | Elf:2    | Identified the +7 trident "Qoosmol" {pain, *Rage rC+ rN+}
 35917 | Elf:2    | Found a huge runed translucent gate.
 35917 | Elf:2    | Found a huge runed translucent gate.
 35927 | Elf:2    | Received a gift from Okawaru
 35937 | Elf:2    | Found a huge runed translucent gate.
 35937 | Elf:2    | Found a huge runed translucent gate.
 35937 | Elf:2    | Found a huge runed translucent gate.
 36121 | Elf:2    | Paralysed by an air elemental for 1 turns
 36621 | Elf:3    | Entered Level 3 of the Elven Halls
 36627 | Elf:3    | Paralysed by an air elemental for 1 turns
 36721 | Elf:3    | Found Ockuh's Assorted Antiques.
 36729 | Elf:3    | Bought a scroll of teleportation for 99 gold pieces
 36796 | Elf:3    | Received a gift from Okawaru
 36883 | Elf:3    | Reached skill level 16 in Fighting
 36896 | Elf:3    | Noticed a Tzitzimitl
 36915 | Elf:3    | Received a gift from Okawaru
 36932 | Elf:3    | Identified the +0 pair of boots of the Heron {SInv}
                  | (Okawaru gifted it to you on level 3 of the Elven Halls)
 36932 | Elf:3    | Received a gift from Okawaru
 36987 | Arena    | Entered the Arena
 37032 | Elf:3    | Reached skill level 17 in Fighting
 37102 | Elf:3    | Identified the +4 arbalest of Wiox {freeze, Will- Dex+6}
 37105 | Elf:3    | Identified the +4 morningstar of Virtue {elec, SInv}
 37119 | Elf:3    | Identified the +1 chain mail "Netwuczo" {Str-4 Dex+5}
 37125 | Elf:3    | Identified the +10 sling "Eloubroch" {freeze, SInv}
 37131 | Elf:3    | Identified the +0 pair of boots of the Amoeba {rPois Str+6
                  | Int-3 Stlth+}
 37181 | Elf:3    | Reached XP level 20. HP: 172/184 MP: 25/27
 37259 | Elf:3    | Identified the +0 chain mail of the Weaver {Fly rC+ rN+
                  | Dex-4}
 37547 | Elf:3    | Paralysed by an air elemental for 1 turns
 37550 | Elf:3    | Paralysed by an air elemental for 1 turns
 39076 | Swamp:2  | Identified the +8 tower shield of Narrow Birdsong {Harm}
 39076 | Swamp:2  | Noticed Louise
 39090 | Swamp:2  | Killed Louise
 39172 | Swamp:2  | Reached skill level 18 in Fighting
 39961 | Swamp:3  | Received a gift from Okawaru
 40243 | Swamp:4  | Entered Level 4 of the Swamp
 40578 | Swamp:4  | Identified the +2 hat of Undesirable Species {rN+} (Okawaru
                  | gifted it to you on level 4 of the Swamp)
 40578 | Swamp:4  | Received a gift from Okawaru
 40686 | Swamp:4  | Identified the +6 scale mail "Aklomamn" {Fly rC+ Str-5}
 40761 | Swamp:4  | Reached skill level 19 in Fighting
 41030 | Arena    | Entered the Arena
 41090 | Swamp:4  | Got a decaying rune of Zot
 41470 | Depths:1 | Entered Level 1 of the Depths
 41489 | Depths:1 | Reached skill level 15 in Dodging
 41588 | Depths:1 | Reached skill level 20 in Fighting
 41602 | Depths:1 | Reached XP level 21. HP: 176/201 MP: 23/28
 41871 | Depths:1 | Found a gateway to Hell.
 41980 | Depths:1 | Received a gift from Okawaru
 42080 | Depths:1 | Found a corrupted altar of Lugonu.
 42081 | Depths:1 | Found a one-way gate to the infinite horrors of the Abyss.
 42186 | Depths:1 | Identified the +2 robe of the Invisible Quests {rElec rPois
                  | rF+ Int-3}
 42189 | Depths:1 | Identified the +0 hat "Woubbis" {Contam Rampage rC+}
 42199 | Depths:1 | Found a radiant altar of Vehumet.
 42365 | Depths:1 | Received a gift from Okawaru
 42420 | Depths:1 | Noticed an ancient lich
 42425 | Depths:1 | Reached skill level 15 in Armour
 42438 | Depths:1 | Killed an ancient lich
 42438 | Depths:1 | Received a gift from Okawaru
 42662 | Depths:1 | Identified the +1 broad axe "Ucheh" {elec, Int+2} (Okawaru
                  | gifted it to you on level 1 of the Depths)
 42662 | Depths:1 | Received a gift from Okawaru
 42783 | Depths:1 | Got the Incunable of the Crushed People
 43022 | Depths:2 | Reached skill level 21 in Fighting
 43158 | Arena    | Entered the Arena
 43232 | Depths:2 | Acquired 1040 gold pieces
 43244 | Depths:2 | Found Maotatz's Distillery.
 43318 | Depths:2 | Bought a potion of might for 60 gold pieces
 43318 | Depths:2 | Bought a potion of berserk rage for 75 gold pieces
 43318 | Depths:2 | Bought a potion of curing for 45 gold pieces
 43318 | Depths:2 | Bought a potion of might for 60 gold pieces
 43318 | Depths:2 | Bought a potion of heal wounds for 75 gold pieces
 43318 | Depths:2 | Bought a potion of curing for 45 gold pieces
 43389 | Depths:2 | Found a one-way gateway to a ziggurat.
 43527 | Depths:2 | Noticed a caustic shrike
 43538 | Depths:2 | Killed a caustic shrike
 43573 | Depths:2 | Noticed a juggernaut
 43595 | Depths:2 | Killed a juggernaut
 43617 | Depths:2 | Noticed a golden dragon
 43632 | Depths:2 | Killed a golden dragon
 43632 | Depths:2 | Received a gift from Okawaru
 43651 | Depths:2 | Reached skill level 22 in Fighting
 44235 | Depths:2 | Identified the +10 arbalest "Xeofaxa" {elec, +Blink rPois
                  | Will+}
 44286 | Depths:2 | Got the Quarto of the Storm and Fascination
 44437 | Depths:3 | Received a gift from Okawaru
 44909 | Depths:3 | Reached skill level 23 in Fighting
 44961 | Depths:3 | Received a gift from Okawaru
 44987 | Depths:3 | Reached XP level 22. HP: 212/220 MP: 30/30
 45267 | Depths:4 | Entered Level 4 of the Depths
 45277 | Depths:4 | Killed from afar by a living spell

Illustrated notes

Levels and vault maps discovered:
D:1:      roderic_chinese_lattice_arrival, layout_rooms, corexii_hall_statues_i
D:2:      layout_loops_ring, dk_noncrumbling_4
D:3:      layout_basic, uniq_robin, uniq_jessica, uniq_crazy_yiuf_cottage,
          uniq_ijyb, uniq_terence
D:4:      layout_loops_corners, mainiacjoe_overflow_six_doors_small,
          uniq_grinder, uniq_sigmund
D:5:      layout_basic
D:6:      layout_cave_pools, minmay_temple_entry_trees, gammafunk_ghost_hive,
          doesnt_shop_hydraphobe
D:7:      layout_basic, general_overflow_altar, item_on_display_a
D:8:      layout_basic, chequers_avenue, uniq_gastronok, uniq_maggie,
          uniq_psyche
D:9:      layout_long_grid
D:10:     layout_layer_cave, mainiacjoe_overflow_tiny_flanked,
          minmay_orc_entry_temple_large, serial_shops,
          nicolae_shop_bloodbath_and_beyond, centaur_isle
D:11:     minmay_chopped_fan, layout_loops_corners, minmay_lair_entry_grove,
          hellmonk_ghost_happy_afterlife, uniq_lodul
D:12:     layout_loops_ring, special_room [special_room_bee], serial_shops,
          nicolae_take_the_stairs, nicolae_square_shop, shop,
          nicolae_stop_n_shop_2, shop, nicolae_trove_entry_diagonal,
          led_sif_book, uniq_josephine
D:13:     layout_rooms, gauntlet_entry_generic
D:14:     layout_basic, erik_vaults_2, skrybe_limestone_x, minmay_librarian
D:15:     grunt_enter_depths_hoard, layout_grid_maze,
          portal_ice_cave_entry_ugly_swarm, zin_statuary
Temple:   hellmonk_temple_of_storms
Lair:1:   layout_gridlike, minmay_hedge_maze, st_stairs_4, serial_bayou_shore_b,
          lemuel_fruit_tree
Lair:2:   nzn_winding_woodlands_cross [nzn_winding_woodlands_5x15_cabin,
          nzn_winding_woodlands_5x15_twine, nzn_winding_woodlands_5x15_sawtooth,
          nzn_winding_woodlands_5x15_longhouse,
          nzn_winding_woodlands_15x15_five_gardens], layout_layer_cave,
          swamp_mist, serial_bayou_pond_a
Lair:3:   layout_long_grid, serial_rivers, chequers_serial_rivers_room_b,
          chequers_serial_rivers_small_3, chequers_serial_rivers_marsh,
          chequers_serial_rivers_small_a, chequers_serial_rivers_micro_d,
          chequers_serial_rivers_micro_c, grunt_forest_small_clearings,
          serial_bayou_pond_e, lemuel_fruit_fields
Lair:4:   layout_regular_city, dpeg_slime_entry_enclosed,
          infiniplex_staircase_pool, uniq_sonja
Lair:5:   due_jungle_book, layout_regular_city, serial_bayou_shore_a
Swamp:1:  layout_basic_swamp, hangedman_swamp_ruin_wall, swamp_pool1,
          st_shrine_of_shade
Swamp:2:  layout_falls_marsh, evilmike_swamp_ruin_wall,
          nicolae_swamp_snake_nest, uniq_louise
Swamp:3:  layout_falls_marsh, serial_swamp_ruin, evilmike_swamp_ruin_rubble_2,
          evilmike_swamp_ruin_house_6
Swamp:4:  swamp_basic_johnstein, layout_basic_swamp
Snake:1:  minmay_snake_river, layout_onion_interference, grunt_megastairs_4
Snake:2:  layout_onion_interference, nicolae_integral_box, uniq_azrael
Snake:3:  layout_cave_pods
Snake:4:  johnstein_snake_rune_scales, layout_cave_shapes, uniq_nikola
Orc:1:    nicolae_orc_accident_2, layout_diamond_mine, david_defended_altar_orc
Orc:2:    pf_orc_diabolical, layout_caves
Elf:1:    minmay_elf_arrival_summoners, layout_geoelf_octagon,
          evilmike_minifort, minivault_19
Elf:2:    elven_hall_of_blades_hangedman_alternative
          [nicolae_blade_entry_area_security], layout_onion_city
Elf:3:    minmay_elf_hall_dome, layout_onion_city, serial_shops,
          nicolae_square_shop
Depths:1: layout_basic, abyss_entry_flame_altar, hell_entry, special_room
          [special_room_morgue], kennysheep_flooded_box, grunt_tower_of_power
Depths:2: lemuel_traditional_vault, layout_gridville, enter_ziggurat_f,
          grunt_mini_vestibule, rand_demon_pan_entry_1, serial_shops, shop,
          lemuel_nasty_fountain, infiniplex_staircase_pool_2
Depths:3: minmay_skeletal_surprise, layout_gridlike, hell_entry,
          hangedman_abyss_entry_splay, grunt_decor_cap, minmay_staircase_bubble
Depths:4: grunt_zot_entry_gee_three, layout_gridlike, hell_entry,
          chequers_serial_rivers_room_a, uniq_jory

Skill      XL: |  1  2  3  4  5  6  7  8  9 10 11 12 13 14 15 16 17 18 19 20 21 |
---------------+----------------------------------------------------------------+-----
Fighting       | 4 5 8 9 10 11 12 13 15 17 20 23 | 23.4
Axes           | 4 6 10 11 12 13 14 16 17 18 | 18.0
Stealth        | 2 3 |  3.0
Armour         | 2 4 5 8 13 14 15 | 15.6
Shields        | 2 4 5 9 12 13 | 13.0
Invocations    | 3 5 6 9 10 11 12 | 12.0
Evocations     | 5 6 7 10 12 13 15 | 15.0
Dodging        | 5 6 7 10 12 15 | 15.0
Throwing       | 3 4 5 10 11 14 | 14.0

Action                   |  1- 3 |  4- 6 |  7- 9 | 10-12 | 13-15 | 16-18 | 19-21 | 22-24 || total
-------------------------+-------+-------+-------+-------+-------+-------+-------+-------++-------
Melee: Hand axe          |    67 |    73 |   154 |       |       |       |       |       ||   294
       Headbutt          |    15 |    11 |    60 |    89 |    76 |   520 |   579 |    10 ||  1360
       Punch             |       |     2 |     2 |       |       |     1 |       |       ||     5
       Battleaxe         |       |       |   101 |   423 |   306 |   175 |       |       ||  1005
       Broad axe         |       |       |       |       |       |  1654 |  1784 |    30 ||  3468
Throw: Dart              |       |       |       |       |     1 |     3 |       |       ||     4
       Throwing net      |       |       |       |       |     1 |     2 |     3 |       ||     6
       Boomerang         |       |       |       |       |       |    15 |    83 |       ||    98
       Javelin           |       |       |       |       |       |     4 |    53 |       ||    57
Invok: Heroism           |       |       |     2 |     6 |     6 |    28 |    13 |       ||    55
       Finesse           |       |       |       |     4 |     2 |    19 |    20 |       ||    45
       Duel              |       |       |       |       |       |     1 |     3 |       ||     4
Evoke: Wand              |       |       |     2 |       |     2 |     4 |     1 |       ||     9
       Phial of floods   |       |       |       |       |       |     1 |     1 |       ||     2
  Use: Potion            |     2 |       |       |     4 |     2 |     6 |     8 |       ||    22
       Scroll            |       |     4 |     9 |    10 |     4 |    17 |     4 |     1 ||    49
 Stab: Sleeping          |     1 |     1 |       |       |       |       |       |       ||     2
       Paralysed         |       |       |       |       |       |     4 |       |       ||     4
Armor: Robe              |     2 |       |       |       |       |       |       |       ||     2
       Ring mail         |    17 |    27 |     9 |       |       |       |       |       ||    53
       Skin              |     3 |       |       |       |       |       |       |       ||     3
       Plate armour      |       |       |   152 |   233 |   144 |   642 |   805 |    11 ||  1987
Dodge: Dodged            |    37 |    35 |   110 |   235 |   156 |   713 |   848 |    21 ||  2155
Block: Kite shield       |       |       |       |       |       |   185 |       |       ||   185
       Buckler           |       |       |       |       |       |    30 |       |       ||    30
       Tower shield      |       |       |       |       |       |   990 |  1885 |    39 ||  2914
       Reflection        |       |       |       |       |       |   106 |    56 |     1 ||   163

Table legend: (Time is in decaauts)
 A = Elapsed time spent in this place.
 B = Non-inter-level travel time spent in this place.
 C = Inter-level travel time spent in this place.
 D = Time resting spent in this place.
 E = Time spent auto-exploring this place.
 F = Levels seen in this place.
 G = Mean time per level.
                   A        B        C        D        E       F      G
               +--------+--------+--------+--------+--------+-----+--------+
         Total |  44883 |  40584 |   4299 |   5789 |  24134 |  46 |  975.7 |
       Dungeon |  18407 |  16398 |   2009 |   2495 |  10766 |  15 | 1227.1 |
        Temple |     48 |     34 |     14 |      0 |     18 |   1 |   48.0 |
          Lair |   7100 |   6185 |    915 |    650 |   4099 |   5 | 1420.0 |
         Swamp |   3119 |   2931 |    188 |    234 |   1582 |   4 |  779.8 |
     Snake Pit |   4786 |   4242 |    544 |    757 |   2366 |   4 | 1196.5 |
  Orcish Mines |   2730 |   2383 |    347 |    886 |    785 |   2 | 1365.0 |
   Elven Halls |   3402 |   3204 |    198 |     38 |   2155 |   3 | 1134.0 |
        Depths |   3214 |   3131 |     83 |    140 |   1920 |   4 |  803.5 |
         Abyss |    299 |    299 |      0 |      0 |      0 |   2 |  149.5 |
      Ice Cave |    999 |    999 |      0 |    355 |    267 |   1 |  999.0 |
      Gauntlet |    679 |    679 |      0 |    161 |    174 |   1 |  679.0 |
         Arena |     96 |     96 |      0 |     70 |      0 |   4 |   24.0 |
               +--------+--------+--------+--------+--------+-----+--------+

Top non-repeatable levels by time:
    D:11: 2305 daAuts
  Lair:2: 2101 daAuts
    D:10: 1904 daAuts
  Lair:5: 1725 daAuts
   Orc:2: 1661 daAuts
     D:4: 1539 daAuts
Depths:1: 1530 daAuts
   Elf:3: 1490 daAuts
    D:15: 1407 daAuts
     D:5: 1385 daAuts
    D:12: 1326 daAuts
 Snake:4: 1283 daAuts
  Lair:1: 1281 daAuts
 Snake:3: 1256 daAuts
 Snake:1: 1231 daAuts
